Map: [G8] Babylon

Players

ShoWTimE - Winner!

  • Race: Protoss Protoss
  • Spawn Location: 11:00

herO

  • Race: Protoss Protoss
  • Spawn Location: 5:00

Event: Gamers8 2023

VOD

Have the link to the VOD?

Description

Time

  • Played on: Aug. 4, 2023, 10:54 a.m.
  • Length: 7:45

All games in this series

Show
View Real Time Build Order
Export as new Build Order

ShoWTimE Protoss - Winner!

Build Orders: Phoenix Opening 

Get SALT Encoding   

  12  0:00  Probe  
  13  0:12  Probe  
  14  0:17  Pylon  
  14  0:24  Probe (Chrono Boost)  
  15  0:36  Probe (Chrono Boost)  
  15  0:37  Gateway  
  16  0:44  Probe (Chrono Boost)  
  16  0:46  Assimilator  
  17  0:51  Probe  
  18  1:00  Assimilator  
  18  1:03  Probe (Chrono Boost)  
  19  1:09  Gateway  
  19  1:13  Probe (Chrono Boost)  
  19  1:18  Probe (Chrono Boost)  
  20  1:25  Cybernetics Core  
  21  1:29  Probe  
  22  1:36  Pylon  
  22  1:42  Probe  
  23  2:01  Robotics Facility  
  23  2:04  Adept  
  23  2:07  Adept  
  27  2:11  Warp Gate  
  27  2:16  Probe  
  28  2:23  Pylon  
  28  2:34  Stalker  
  30  2:41  Stalker  
  32  2:49  Pylon  
  31  3:07  Immortal (Chrono Boost)  
  33  3:19  Sentry  
  35  3:20  Stalker  
  37  3:41  Pylon  
  37  3:52  Nexus  
  37  3:56  Pylon  
  37  3:59  Phoenix, Probe  
  38  4:11  Probe  
  38  4:15  Twilight Council, Sentry  
  38  4:16  Sentry  
  43  4:22  Shield Battery  
  43  4:26  Probe  
  44  4:37  Pylon  
  44  4:38  Probe  
  45  4:48  Blink (Chrono Boost)  
  45  4:50  Probe  
  46  5:00  Stalker  
  48  5:08  Stalker, Shield Battery  
  50  5:20  Shield Battery  
  50  5:25  Stalker  
  52  5:31  Stalker  
  52  5:32  Probe  
  56  5:39  Phoenix  
  45  5:53  Stalker  
  45  6:00  Probe  
  45  6:03  Probe  
  45  6:08  Stalker  
  47  6:12  Probe  
  47  6:13  Gateway  
  47  6:15  Probe  
  47  6:18  Stalker  
  51  6:20  Robotics Facility  
  51  6:24  Probe  
  52  6:28  Probe  
  52  6:31  Stalker  
  55  6:39  Gateway  
  55  6:43  Probe x2  
  55  6:46  Stalker  
  59  6:55  Pylon, Probe x2, Stalker  
  63  7:06  Pylon  
  63  7:09  Observer (Chrono Boost)  
  63  7:10  Stalker x2  
  68  7:19  Shield Battery  
  68  7:20  Stalker  
  70  7:24  Pylon  
  68  7:36  Stalker, Sentry  
  72  7:37  Zealot  
  72  7:40  Assimilator, Shield Battery  
Show
View Real Time Build Order
Export as new Build Order

herO Protoss 

Build Orders:  

Get SALT Encoding   

  12  0:00  Probe  
  13  0:12  Probe  
  14  0:17  Pylon  
  14  0:24  Probe (Chrono Boost)  
  16  0:36  Probe (Chrono Boost)  
  16  0:38  Gateway  
  16  0:43  Probe (Chrono Boost)  
  16  0:46  Assimilator  
  17  0:50  Probe  
  18  1:03  Probe (Chrono Boost)  
  19  1:13  Assimilator  
  19  1:15  Probe (Chrono Boost)  
  20  1:20  Pylon  
  20  1:21  Probe (Chrono Boost)  
  20  1:25  Cybernetics Core  
  21  1:29  Probe  
  22  1:38  Zealot  
  24  1:41  Probe  
  25  1:53  Probe  
  26  2:01  Warp Gate  
  26  2:05  Gateway, Stalker (Chrono Boost)  
  28  2:15  Robotics Facility  
  28  2:19  Pylon  
  28  2:32  Stalker (Chrono Boost)  
  30  2:37  Shield Battery  
  30  2:52  Stalker  
  30  2:55  Stalker  
  32  3:11  Immortal (Chrono Boost)  
  37  3:32  Gateway  
  37  3:44  Warp Prism (Chrono Boost)  
  35  3:53  Stalker x2  
  39  3:56  Pylon  
  39  4:17  Immortal (Chrono Boost)  
  39  4:20  Sentry x2  
  47  4:26  Pylon  
  47  4:51  Stalker x3  
  53  4:56  Pylon  
  53  5:18  Stalker x2  
  53  5:20  Stalker  
  59  5:24  Observer  
  50  5:45  Warp Prism  
  42  6:13  Stalker x2, Sentry  
  48  6:23  Gateway  
  48  6:38  Stalker x3  
  54  7:06  Stalker x3  
  56  7:33  Adept x3  
  56  7:36  Pylon  
Tags
 
Add a new tag
Caveats
  • Supply blocks, unpowered buildings, or Contaminate may cause inaccurate times.
  • Supply counts are checked every 10 seconds.